 Dungeon Crawl Stone Soup version 0.29-a0-542-g075992c915 (webtiles) character file.

Game seed: 15863458040421669782

69 YayAnonymity the Slasher (level 4, -6/37 HPs)
             Began as a Barachi Fighter on June 5, 2022.
             Mangled by a gnoll
             ... wielding a +0 flail
              (8 damage)
             ... on level 2 of the Dungeon.
             The game lasted 00:01:48 (1982 turns).

YayAnonymity the Slasher (Barachi Fighter)          Turns: 1982, Time: 00:01:48

Health: -6/37      AC:  8    Str: 19    XL:     4   Next: 20%
Magic:  4/4        EV:  9    Int:  8    God:
Gold:   118        SH:  5    Dex: 12    Spells: 3/3 levels left

rFire   . . .      SeeInvis .   a - +0 long sword
rCold   . . .      Faith    .   c - +0 buckler
rNeg    . . .      Spirit   .   b - +0 scale mail
rPois   .          Reflect  .   (no helmet)
rElec   .          Harm     .   (no cloak)
rCorr   .          Rampage  .   (no gloves)
Will    .....                   i - +0 pair of boots
Stlth   ..........              (no amulet)
HPRegen 0.12/turn               (no ring)
MPRegen 0.09/turn               (no ring)

@: mighty, slow
A: amphibious, slowness 1, strong legs 1, +LOS
a: Hop


You were on level 2 of the Dungeon.
You visited 1 branch of the dungeon, and saw 2 of its levels.

You collected 118 gold pieces.

Inventory:

Hand Weapons
 a - a +0 long sword (weapon)
Armour
 b - a +0 scale mail (worn)
 c - a +0 buckler (worn)
 i - a +0 pair of boots (worn)
Jewellery
 j - a ring of flight
Scrolls
 e - a scroll of noise {unknown}
 f - a scroll of enchant weapon {unknown}
 g - a scroll of poison {unknown}
 k - a scroll of identify {unknown}
Potions
 d - 2 potions of might
 h - a potion of lignification {unknown}
 l - a potion of curing {unknown}
 m - 3 potions of flight {unknown}
 n - a potion of resistance {unknown}


   Skills:
 - Level 4.0 Fighting
 * Level 4.1 Long Blades
 - Level 4.0 Armour
 + Level 3.9 Shields


You had 3 spell levels left.
You didn't know any spells.
Your spell library contained the following spells:

 Spells                   Type           Power      Damage    Failure   Level
 Scorch                   Fire           0%         2d5       94%         2
 Flame Wave               Conj/Fire      0%         2d4       100%        4
 Summon Cactus Giant      Summ           0%         N/A       100%        6


Dungeon Overview and Level Annotations

Branches:
Dungeon (2/15)

Altars:


Innate Abilities, Weirdness & Mutations

You are amphibious.
You cover ground slowly.
You can hop short distances.
You have an extended range of vision and can be seen from far away.


Message History

The adder closely misses you.
You hit the adder.
You kill the adder!
You have reached level 4!
You feel agile.
Found a leather armour.
You see here a +0 leather armour. 3 gnolls come into view.
The gnoll shouts! x2
There are monsters nearby!
You block the gnoll's attack.
You closely miss the gnoll. You block the gnoll's attack.
You hit the gnoll.
The gnoll is lightly wounded.
The gnoll hits you with a +0 spear.
You hit the gnoll but do no damage.
The gnoll is lightly wounded.
You closely miss the gnoll. The gnoll hits you with a +0 halberd!
The gnoll barely misses you.
You closely miss the gnoll.
The gnoll hits you from afar with a +0 spear.
You closely miss the gnoll. The gnoll hits you with a +0 halberd!
The gnoll hits you but does no damage. The gnoll hits you with a +0 flail!
* * * LOW HITPOINT WARNING * * *
You are too injured to fight recklessly!
You feel very mighty all of a sudden. You block the gnoll's attack.
The gnoll hits you but does no damage. The gnoll hits you with a +0 flail.
* * * LOW HITPOINT WARNING * * *
You slash the gnoll!
You kill the gnoll!
The gnoll hits you with a +0 flail.
* * * LOW HITPOINT WARNING * * *
The gnoll hits you from afar with a +0 spear.
* * * LOW HITPOINT WARNING * * *
Your Long Blades skill increases to level 4!
You slash the gnoll!
The gnoll is severely wounded.
The gnoll hits you but does no damage. x2; The gnoll hits you with a +0 flail!
You die...

..........# #..###
.########.########.^#
.# #...........# .#
###########.### )#
...........# .##
########.#.# ..#
...#.#.## ..#
#.#######.#..[.# ..#
#.......@).....# .##
#.#######g####.# .#
#........g# #.# .#
........#### #.# .#
##.####. #.# .# ..
... .# ##g ### .# #g
.# # #.


You could see 2 gnolls.

Vanquished Creatures
  A gnoll (D:2)
  An adder (D:2)
  2 worms (D:2)
  A dart slug (D:2)
  2 ball pythons
  6 endoplasms
  5 giant cockroaches
  2 goblins (D:2)
  7 jackals
  2 kobolds
  2 quokkas (D:1)
  2 bats (D:1)
  A frilled lizard (D:2)
  3 rats (D:1)
37 creatures vanquished.

Notes
Turn   | Place    | Note
-------+----------+-------------------------------------------
     0 | D:1      | YayAnonymity the Barachi Fighter began the quest for the
                  | Orb.
     0 | D:1      | Reached XP level 1. HP: 18/18 MP: 1/1
   187 | D:1      | Reached XP level 2. HP: 13/25 MP: 2/2
  1224 | D:2      | Reached XP level 3. HP: 27/30 MP: 3/3
  1950 | D:2      | Reached XP level 4. HP: 36/37 MP: 4/4
  1982 | D:2      | Mangled by a gnoll

Illustrated notes

Levels and vault maps discovered:
D:1:      mushboom_english_gardens, layout_basic, chequers_garden,
          minmay_crystal_room
D:2:      layout_basic, dk_vineyard_1, st_stairs_8

Skill      XL: |  1  2  3  4 |
---------------+-------------+-----
Long Blades    | 3 4 |  4.1
Fighting       | 4 |  4.0
Armour         | 4 |  4.0
Shields        | |  3.9

Action                   |  1- 3 |  4- 6 || total
-------------------------+-------+-------++-------
Melee: Long sword        |   118 |     8 ||   126
  Use: Potion            |       |     1 ||     1
Armor: Scale mail        |    56 |     4 ||    60
Dodge: Dodged            |    59 |     1 ||    60
Block: Buckler           |    28 |     3 ||    31

Table legend: (Time is in decaauts)
 A = Elapsed time spent in this place.
 B = Non-inter-level travel time spent in this place.
 C = Inter-level travel time spent in this place.
 D = Time resting spent in this place.
 E = Time spent auto-exploring this place.
 F = Levels seen in this place.
 G = Mean time per level.
                   A        B        C        D        E       F      G
               +--------+--------+--------+--------+--------+-----+--------+
         Total |   2216 |   2143 |     73 |    396 |   1428 |   2 | 1108.0 |
       Dungeon |   2216 |   2143 |     73 |    396 |   1428 |   2 | 1108.0 |
               +--------+--------+--------+--------+--------+-----+--------+

Top non-repeatable levels by time:
     D:1: 1355 daAuts
     D:2: 861 daAuts
